 Dungeon Crawl Stone Soup version 0.26.1-10-gdfb7c7de75 (webtiles) character file.

Game seed: 4945975722308481234

653 Amplified the Grave Robber (level 7, -10/41 HPs)
             Began as a Deep Elf Necromancer on Mar 30, 2021.
             Was an Initiate of Sif Muna.
             Mangled by a troll (12 damage)
             ... on level 5 of the Dungeon on Mar 31, 2021.
             The game lasted 00:10:36 (7122 turns).

Amplified the Grave Robber (Deep Elf Necromancer)   Turns: 7122, Time: 00:10:36

Health: -10/41     AC:  8    Str:  6    XL:     7   Next: 29%
Magic:  17/17      EV: 15    Int: 21    God:    Sif Muna [......]
Gold:   292        SH:  0    Dex: 15    Spells: 6/16 levels left

rFire    . . .     SeeInvis .   t - +0 flail
rCold    . . .     Faith    .   (no shield)
rNeg     . . .     Spirit   .   a - +1 robe
rPois    .         Reflect  .   (no helmet)
rElec    .         Harm     .   b - scarf {repulsion}
rCorr    +         Rampage  .   s - +1 pair of gloves
Will     .....                  h - +2 pair of boots
Stlth    ++........             (no amulet)
HPRegen  0.13/turn              o - ring of resist corrosion
MPRegen  0.15/turn              (no ring)

@: repel missiles
A: no striking features
a: Renounce Religion


You were on level 5 of the Dungeon.
You worshipped Sif Muna.
Sif Muna was noncommittal.
You visited 2 branches of the dungeon, and saw 7 of its levels.

You collected 292 gold pieces.

Inventory:

Hand Weapons
 t - a +0 flail (weapon)
Missiles
 e - a throwing net
 m - 4 curare-tipped darts
 u - 17 poisoned darts
Armour
 a - a +1 robe (worn)
 b - a scarf of repulsion (worn)
 h - a +2 pair of boots (worn)
 s - a +1 pair of gloves (worn)
Jewellery
 o - a ring of resist corrosion (left hand)
Scrolls
 d - 3 scrolls of teleportation
 f - 6 scrolls of remove curse
 p - 2 scrolls of magic mapping
 r - a scroll of enchant weapon
Potions
 i - a potion of brilliance
 l - 2 potions of attraction
 q - a potion of heal wounds


   Skills:
 * Level 3.4 Fighting
 * Level 5.8 Dodging
 - Level 2.4 Stealth
 * Level 5.4 Spellcasting
 * Level 6.3 Necromancy


You had 6 spell levels left.
You knew the following spells:

 Your Spells              Type           Power        Failure   Level
a - Pain                  Necr           100%         1%          1
b - Animate Skeleton      Necr           64%          1%          1
c - Vampiric Draining     Necr           16%          2%          3
d - Agony                 Necr           32%          22%         5

Your spell library contained the following spells:

 Spells                   Type           Power        Failure   Level
 Animate Dead             Necr           16%          8%          4


Dungeon Overview and Level Annotations

Branches:
Dungeon (6/15)             Temple (1/1) D:4

Altars:
Ashenzari
Cheibriados
Dithmenos
Elyvilon
Fedhas
Gozag
Hepliaklqana
Kikubaaqudgha
Makhleb
Nemelex Xobeh
Okawaru
Qazlal
Ru
Sif Muna
Trog
Uskayaw
Vehumet
Wu Jian
Xom
Yredelemnul
Zin

Annotations:
D:2 1 runed translucent door, Crazy Yiuf, Robin


Message History

Your +1 robe unmelds from your body.
You are surrounded by a repulsion field.
You feel better.
The phantom blinks!
Unknown command.
As you read the scroll of teleportation, it crumbles to dust.
You feel strangely unstable.
The phantom blinks!
Your surroundings suddenly seem different.
Found 10 gold pieces.
There is a stone staircase leading up here.
You climb upwards.
The troll bites you!
* * * LOW HITPOINT WARNING * * *
The troll completely misses you. The troll claws you.
* * * LOW HITPOINT WARNING * * *
There is a stone staircase leading down, spattered with blood here.
Unknown command.
A troll is nearby!
Unknown command.
The troll bites you!
You die...

#.........# ##########.........#
..(.....##.........#
....(....#.........############
.........#....................#
.........#....................#
.........#....................###
....#....#....^..................
..#............T@.............##.
...............>###...........##.
#.#.......####..# #.....).....##.
#.#.......## #..###...........'..
#.#........# ##...)...........###
#.#........####..#.#'######'###
#.#.#'##+#.........#......#.###
#.#.#.##+######..########.#<..#
#..........# #......# #.#.#.#


You could see a troll.

Vanquished Creatures
  A sky beast (D:4)
  An ogre (D:5)
  A bullfrog zombie (D:6)
  A hound (D:5)
  A bullfrog skeleton (D:6)
  2 orc priests (D:3)
  A centaur skeleton (D:5)
  2 orc wizards
  4 worker ants
  5 adders
  A white imp (D:5)
  An ooze (D:1)
  2 worms (D:2)
  A leopard gecko (D:5)
  15 orcs
  3 giant cockroaches
  4 goblins
  10 hobgoblins
  4 jackals
  4 kobolds
  2 quokkas (D:3)
  6 bats
  3 frilled lizards
  6 rats
81 creatures vanquished.

Vanquished Creatures (collateral kills)
  An ooze (D:1)
  A hobgoblin (D:2)
2 creatures vanquished.

Grand Total: 83 creatures vanquished

Notes
Turn   | Place    | Note
-------+----------+-------------------------------------------
     0 | D:1      | Amplified the Deep Elf Necromancer began the quest for the
                  | Orb.
     0 | D:1      | Reached XP level 1. HP: 10/10 MP: 6/6
   408 | D:1      | Reached XP level 2. HP: 14/16 MP: 6/8
   738 | D:1      | Learned a level 1 spell: Animate Skeleton
  1063 | D:1      | Reached skill level 1 in Fighting
  1464 | D:2      | Found a runed translucent door.
  1465 | D:2      | Noticed Crazy Yiuf
  1522 | D:2      | Reached XP level 3. HP: 8/20 MP: 6/10
  2002 | D:2      | Upgraded the game from 0.26.1-2-gb8aa6d0cf2 to
                  | 0.26.1-10-gdfb7c7de75
  2897 | D:2      | Noticed Robin
  3129 | D:3      | Reached XP level 4. HP: 10/25 MP: 2/12
  3581 | D:3      | Learned a level 3 spell: Vampiric Draining
  3717 | D:3      | Reached XP level 5. HP: 28/30 MP: 11/14
  4062 | D:3      | Reached skill level 5 in Necromancy
  4570 | D:4      | Found a staircase to the Ecumenical Temple.
  4598 | Temple   | Entered the Ecumenical Temple
  4662 | Temple   | Became a worshipper of Sif Muna the Loreminder
  5215 | D:4      | Noticed a sky beast
  5236 | D:4      | Killed a sky beast
  5237 | D:4      | Reached skill level 5 in Dodging
  5237 | D:4      | Reached XP level 6. HP: 21/36 MP: 4/15
  5721 | D:5      | Entered Level 5 of the Dungeon
  5910 | D:5      | Learned a level 5 spell: Agony
  6143 | D:5      | Reached skill level 5 in Spellcasting
  6143 | D:5      | Reached skill level 6 in Necromancy
  6258 | D:5      | Reached XP level 7. HP: 41/41 MP: 3/16
  6518 | D:5      | Noticed a troll
  7121 | D:5      | HP: 2/41 [troll (5)]
  7122 | D:5      | Mangled by a troll

Illustrated notes

Levels and vault maps discovered:
D:1:      dpeg_arrival_stone_temple_mockup, layout_loops_ring,
          minmay_splitting_lines, st_stairs_13
D:2:      layout_loops_corners, serial_glass, glass_columns_a, glass_columns_a,
          item_on_display_b, item_on_display_a, due_unseen_surprise,
          nicolae_ru_the_path_less_chosen, uniq_crazy_yiuf_cottage, uniq_robin
D:3:      layout_loops_ring, nicolae_overflow_hidden_temple
D:4:      layout_loops_ring, minmay_temple_entry_mini_moons
D:5:      layout_basic
D:6:      layout_cave_pods, serial_rivers, chequers_serial_rivers_micro_e,
          chequers_serial_rivers_micro_d, chequers_serial_rivers_small_a,
          chequers_serial_rivers_micro_e
Temple:   grunt_wide_crystal_templ

Skill      XL: |  1  2  3  4  5  6 |
---------------+-------------------+-----
Dodging        | 3 4 5 |  5.8
Fighting       | 1 2 3 |  3.4
Spellcasting   | 4 5 |  5.4
Necromancy     | 5 6 |  6.3
Stealth        | |  2.4

Action                   |  1- 3 |  4- 6 |  7- 9 || total
-------------------------+-------+-------+-------++-------
Melee: Mace              |    29 |    23 |       ||    52
       Flail             |       |    13 |    82 ||    95
 Cast: Pain              |    86 |    64 |     2 ||   152
       Animate Skeleton  |     5 |       |       ||     5
       Vampiric Draining |       |    15 |     1 ||    16
  Use: Scroll            |     5 |     7 |     5 ||    17
       Potion            |     1 |       |     4 ||     5
 Stab: Distracted        |       |       |     1 ||     1
Armor: Robe              |     9 |    25 |    26 ||    60
       Skin              |       |       |    26 ||    26
Dodge: Dodged            |    60 |    67 |    77 ||   204
       Repelled          |       |       |     1 ||     1
